 Dungeon Crawl Stone Soup version 0.31-a0-237-g2d982f9f85 (webtiles) character file.

Game seed: 8102789482026286268

1250 reriks the Ducker (level 8, -5/50 HPs)
             Began as a Djinni Fire Elementalist on July 11, 2023.
             Was an Initiate of Ashenzari.
             Slain by Duvessa
             ... wielding a +0 short sword
              (7 damage)
             ... on level 5 of the Dungeon.
             The game lasted 00:10:36 (6506 turns).

reriks the Ducker (Djinni Fire Elementalist)        Turns: 6506, Time: 00:10:37

Health: -5/50      AC:  3    Str:  7    XL:     8   Next: 80%
Gold:   196        EV: 14    Int: 20    God:    Ashenzari [......] SH:  0 Dex: 13

rFire   + + .        e - +7 war axe of Ignis's Displeasure {protect, rElec}
rCold   x . .        (no shield)
rNeg    . . .        a - +0 robe
rPois   ∞            (no helmet)
rElec   +            (no cloak)
rCorr   .            h - +0 pair of gloves
SInv    .            (boots unavailable)
Will    .....        r - amulet of regeneration
Stlth   +++          (no ring)
HPRegen 1.08/turn    (no ring)
MPRegen 0.00/turn

%: infuse magic (-6 HP)
@: flying, hasted, very quick
A: sickness immunity, fire resistance 2, cold vulnerability 1, float, innate
caster, HP casting, extra vitality 1
a: Renounce Religion


You were on level 5 of the Dungeon.
You worshipped Ashenzari.
Ashenzari was noncommittal.
You visited 2 branches of the dungeon, and saw 6 of its levels.

You collected 196 gold pieces.

Inventory:

Hand Weapons
 e - the +7 war axe of Ignis's Displeasure (weapon) {protect, rElec}
   (You took it off an orc on level 5 of the Dungeon)

   rElec:     It insulates you from electricity.
 l - a +1 dagger of venom
Missiles
 q - a throwing net
Armour
 a - a +0 robe (worn)
 h - a +0 pair of gloves (worn)
Jewellery
 r - an amulet of regeneration (around neck)
 v - a ring of wizardry
Wands
 j - a wand of flame (9)
 s - a wand of polymorph (2)
Scrolls
 c - 2 scrolls of revelation
 f - a scroll of noise {unknown}
 g - 2 scrolls of enchant weapon {unknown}
 i - 2 scrolls of summoning {unknown}
 k - a scroll of poison {unknown}
 m - a scroll of teleportation {unknown}
 t - a scroll of fear {unknown}
 u - 4 scrolls of identify {unknown}
 x - a scroll of fog {unknown}
Potions
 b - a potion of mutation {unknown}
 n - a potion of magic {unknown}
 p - a potion of enlightenment {unknown}


   Skills:
 + Level 6.9 Dodging
 + Level 5.6 Stealth
 + Level 4.8 Spellcasting
 + Level 4.8 Conjurations
 + Level 4.8 Hexes
 + Level 4.8 Summonings
 + Level 4.8 Necromancy
 + Level 4.8 Translocations
 + Level 4.8 Transmutations
 + Level 4.8 Fire Magic
 + Level 4.8 Ice Magic
 + Level 4.8 Air Magic
 + Level 4.8 Earth Magic
 + Level 4.8 Poison Magic


You knew the following spells:

 Your Spells              Type           Power      Damage    Failure   Level
a - Foxfire               Conj/Fire      96%        2x1d8     1%          1
b - Scorch                Fire           48%        2d7       2%          2
c - Volatile Blastmotes   Fire/Tloc      48%        2d14      4%          3
d - Inner Flame           Hex/Fire       24%        N/A       4%          3
e - Flame Wave            Conj/Fire      24%        2d8       16%         4
f - Apportation           Tloc           48%        N/A       1%          1
g - Static Discharge      Conj/Air       48%        2-4/arc   2%          2
h - Gell's Gravitas       Tloc           24%        N/A       4%          3
Your spell library was empty.

Dungeon Overview and Level Annotations

Branches:
Dungeon (5/15)             Temple (1/1) D:5

Altars:
Ashenzari
Cheibriados
Dithmenos
Gozag
Hepliaklqana
Nemelex Xobeh
Okawaru
Qazlal
Ru
Trog
Uskayaw
Wu Jian
Xom
Yredelemnul
Zin
The Shining One

Shops:
D:3 (   D:4 ::

Annotations:
D:4 2 runed translucent doors, Crazy Yiuf; Demosthentine's ghost, amateur DsGl
D:5 Dowan; Duvessa


Innate Abilities, Weirdness & Mutations

You are immune to sickness and miasma.
You are immune to poison.
Your flesh is very heat resistant. (rF++)
You are vulnerable to cold. (rC-)
You float through the air rather than walking.
You learn spells naturally, not from books.
Your magical power is your life essence.
You have superior vitality. (+4 MHP)


Message History

Dowan is moderately wounded.
Dowan's fire resistance burns away.
* * * LOW HITPOINT WARNING * * *
Duvessa closely misses you. Duvessa hits you with a +0 short sword!
* * * LOW HITPOINT WARNING * * *
Duvessa misses you.
Okay, then.
Unknown command.
Unknown command.
Okay, then.
You feel yourself speed up. Dowan hits you with a +0 dagger.
* * * LOW HITPOINT WARNING * * *
Duvessa barely misses you.
It was a potion of curing.
You feel better. Duvessa closely misses you. Dowan hits you with a +0 dagger.
* * * LOW HITPOINT WARNING * * *
Unknown command.
Unknown command.
You feel better.
Dowan is no longer more vulnerable to fire.
Duvessa hits you with a +0 short sword.
* * * LOW HITPOINT WARNING * * *
Dowan hits you but does no damage.
Okay, then.
Unknown command.
Duvessa shouts, "You can run, but you cannot escape us forever!"
Duvessa attacks as you move away! Duvessa hits you but does no damage.
Duvessa hits you with a +0 short sword!
* * * LOW HITPOINT WARNING * * *
Okay, then.
Unknown command.
Casting: Scorch (safe; 2% risk of failure)
Confirm with . or Enter, or press ? or * to list all spells.
Flames lash Dowan.
Dowan is severely wounded.
Dowan's fire resistance burns away.
* * * LOW HITPOINT WARNING * * *
Duvessa hits you with a +0 short sword!
You die...

,,,,,,,.............,,,,,,,,,,,,,
*******#....##..[...,,,,********,
,..,,###....##.........,*,,,,,**,
,..###...........##...#**,,,,,**,
,....#............#...# *,,,,,**,
,,................#...# *,,,,,**,
,,**#.............#...#****,,,,,,
,,* *#............+...#*,,.,,*,*,
,,* #..........@.#...##...,.,,**
,,* ##.#########e...........,,**
,,* #..............###...#,,,,,
,,* #.#.#.#.......## *,..***,**
,,** ##...#.#.......####.###,,,,,
,,,* #.....................+,,,,,
,,,*###.#......##.........##,,,,,
,,,*#..<..#..#............#*,,,,,
,,,*###..(.....#..........#*,,,,,


You could see Duvessa (fast).

Vanquished Creatures
  Pikel (D:4)
  An ice beast (D:5)
  An ogre (D:4)
  A lemure (D:4)
  2 phantoms
  2 hounds
  An orc priest (D:5)
  A gnoll bouda (D:4)
  Natasha (thrice) (D:2)
  2 iguanas (D:4)
  A hound zombie (D:3)
  7 gnolls (D:4)
  6 adders
  An ufetubus (D:4)
  An adder skeleton (D:3)
  A worm (D:2)
  2 dart slugs (D:4)
  8 orcs
  3 bats
  8 endoplasms
  2 giant cockroaches
  5 goblins
  9 hobgoblins
  4 quokkas
  7 ball pythons
  A ball python skeleton (D:3)
  A frilled lizard (D:1)
  A giant cockroach zombie (D:3)
  7 kobolds
  6 rats
96 creatures vanquished.

Vanquished Creatures (collateral kills)
  A sleepcap (D:5)
1 creature vanquished.

Vanquished Creatures (others)
  An orc priest (D:5)
  An orc (D:5)
  257 foxfires
259 creatures vanquished.

Grand Total: 356 creatures vanquished

Notes
Turn   | Place    | Note
-------+----------+-------------------------------------------
     0 | D:1      | reriks the Djinni Fire Elementalist began the quest for the
                  | Orb.
     0 | D:1      | reriks set off with the following spells memorised:
                  | Foxfire, Scorch, Volatile Blastmotes, Inner Flame, Flame
                  | Wave.
     0 | D:1      | Reached XP level 1. HP: 15/15 MP: 0/0
   286 | D:1      | Reached XP level 2. HP: 19/21 MP: 0/0
  1077 | D:2      | Noticed Natasha
  1084 | D:2      | Killed Natasha
  1085 | D:2      | Reached XP level 3. HP: 24/25 MP: 0/0
  1085 | D:2      | Learned a level 1 spell: Apportation
  1110 | D:2      | Reached skill level 3 in Dodging
  1277 | D:2      | Noticed Natasha
  1292 | D:2      | Killed Natasha
  1293 | D:2      | Reached XP level 4. HP: 7/31 MP: 0/0
  1901 | D:2      | Noticed Natasha
  1908 | D:2      | Killed Natasha
  1909 | D:2      | Reached XP level 5. HP: 33/35 MP: 0/0
  1909 | D:2      | Learned a level 2 spell: Static Discharge
  2055 | D:1      | Found a faded altar of an unknown god.
  3170 | D:3      | Found a glowing golden altar of the Shining One.
  3214 | D:3      | Found Zoxokoly's Weapon Shoppe.
  3281 | D:3      | Reached skill level 4 in Dodging
  3607 | D:3      | Found a basalt altar of Yredelemnul.
  3609 | D:3      | Noticed a profane servitor
  4092 | D:3      | Noticed an angel
  4125 | D:4      | Reached XP level 6. HP: 37/40 MP: 0/0
  4319 | D:4      | Noticed Pikel
  4350 | D:4      | Killed Pikel
  4351 | D:4      | Reached skill level 5 in Dodging
  4351 | D:4      | Reached XP level 7. HP: 29/45 MP: 0/0
  4351 | D:4      | Learned a level 3 spell: Gell's Gravitas
  4427 | D:4      | Found a runed translucent door.
  4430 | D:4      | Noticed Demosthentine's ghost (amateur DsGl)
  4542 | D:4      | Found Miveng's Tremendous Tomes.
  4632 | D:4      | Reached XP level 8. HP: 24/50 MP: 0/0
  4870 | D:4      | Reached skill level 6 in Dodging
  4870 | D:4      | Reached skill level 5 in Stealth
  5017 | D:4      | Found a shadowy altar of Dithmenos.
  5331 | D:4      | Found a runed translucent door.
  5332 | D:4      | Noticed Crazy Yiuf
  5406 | D:4      | Found Hahaus's Book Boutique.
  5514 | D:5      | Entered Level 5 of the Dungeon
  5860 | D:5      | Identified the +7 war axe of Ignis's Displeasure {protect,
                  | rElec}
  6309 | D:5      | Found a staircase to the Ecumenical Temple.
  6322 | Temple   | Entered the Ecumenical Temple
  6351 | Temple   | Became a worshipper of Ashenzari the Shackled
  6366 | D:5      | Noticed Duvessa
  6367 | D:5      | Noticed Dowan
  6498 | D:5      | HP: 2/50 [Duvessa/+0 short sword (10)]
  6506 | D:5      | Slain by Duvessa

Illustrated notes

Levels and vault maps discovered:
D:1:      tarquinn_simple_flora_water_c, layout_loops_ring,
          hellmonk_ecumenical_altar_run_dry
D:2:      layout_loops_ring, uniq_natasha
D:3:      layout_basic, grunt_temple_overflow_holy_war, serial_undead,
          serial_undead_d, serial_undead_b, serial_undead_b, serial_undead_a,
          serial_shops, nicolae_shop_rolling_square, kennysheep_boxes
D:4:      layout_basic, nicolae_overflow_hidden_temple,
          mainiacjoe_overflow_catwalk, serial_shops, shop_statue,
          hellmonk_ghost_happy_afterlife, chequers_serial_rivers_marsh,
          nicolae_shop_i_like_big_books, kennysheep_small_circle,
          uniq_crazy_yiuf_cottage, uniq_pikel
D:5:      minmay_evil_eye, layout_basic, minmay_temple_entry_sparse_star,
          roderic_batcave, uniq_duvessa
Temple:   hellmonk_temple_two_chambers

Skill      XL: |  1  2  3  4  5  6  7  8 |
---------------+-------------------------+-----
Spellcasting   | 4 |  4.8
Conjurations   | 4 |  4.8
Hexes          | 4 |  4.8
Summonings     | 4 |  4.8
Necromancy     | 4 |  4.8
Translocations | 4 |  4.8
Transmutations | 4 |  4.8
Fire Magic     | 4 |  4.8
Ice Magic      | 4 |  4.8
Air Magic      | 4 |  4.8
Earth Magic    | 4 |  4.8
Poison Magic   | 4 |  4.8
Stealth        | 2 3 4 5 |  5.6
Dodging        | 3 4 5 6 |  6.9

Action                     |  1- 3 |  4- 6 |  7- 9 || total
---------------------------+-------+-------+-------++-------
  Melee: Unarmed           |       |    10 |       ||    10
         Dagger            |       |       |     1 ||     1
   Cast: Foxfire           |    40 |    79 |    38 ||   157
         Scorch            |       |    23 |    32 ||    55
  Evoke: Wand              |       |    10 |     6 ||    16
    Use: Potion            |       |     1 |     3 ||     4
         Scroll            |       |       |     2 ||     2
 Armour: Robe              |     5 |     4 |    12 ||    21
         Skin              |       |     1 |       ||     1
  Dodge: Dodged            |    21 |    22 |    49 ||    92

Table legend: (Time is in decaauts)
 A = Elapsed time spent in this place.
 B = Non-inter-level travel time spent in this place.
 C = Inter-level travel time spent in this place.
 D = Time resting spent in this place.
 E = Time spent auto-exploring this place.
 F = Levels seen in this place.
 G = Mean time per level.
                   A        B        C        D        E       F      G
               +--------+--------+--------+--------+--------+-----+--------+
         Total |   6487 |   6192 |    295 |   2868 |   2316 |   6 | 1081.2 |
       Dungeon |   6448 |   6161 |    287 |   2868 |   2316 |   5 | 1289.6 |
        Temple |     38 |     30 |      8 |      0 |      0 |   1 |   38.0 |
               +--------+--------+--------+--------+--------+-----+--------+

Top non-repeatable levels by time:
     D:4: 1651 daAuts
     D:2: 1607 daAuts
     D:1: 1439 daAuts
     D:3: 1207 daAuts
     D:5: 541 daAuts
  Temple: 38 daAuts
